Map: Ulrena

Players

Random - Winner!

  • Race: Protoss Protoss
  • League: Gold

capac

  • Race: Terran Terran
  • League: Gold

VOD

Have the link to the VOD?

Description

Time

  • Played on: Feb. 9, 2016, 1:57 p.m.
  • Length: 3:55
Show
View Real Time Build Order
Export as new Build Order

Random Protoss - Winner!

Build Orders: Oracle Opening 

Get SALT Encoding   

  12  0:00  Probe (Chrono Boost)  
  13  0:11  Probe (Chrono Boost)  
  14  0:18  Pylon  
  14  0:22  Probe (Chrono Boost)  
  15  0:36  Probe (Chrono Boost)  
  15  0:38  Gateway  
  15  0:42  Assimilator  
  16  0:46  Probe (Chrono Boost)  
  17  0:53  Assimilator  
  17  0:57  Probe (Chrono Boost)  
  18  1:08  Probe (Chrono Boost)  
  20  1:18  Probe (Chrono Boost)  
  20  1:20  Pylon  
  20  1:27  Cybernetics Core  
  20  1:30  Zealot (Chrono Boost)  
  22  1:33  Probe (Chrono Boost)  
  23  1:45  Probe (Chrono Boost)  
  24  1:55  Probe (Chrono Boost), Pylon  
  25  2:06  Mothership Core (Chrono Boost)  
  25  2:08  Stalker (Chrono Boost)  
  29  2:19  Stargate  
  30  2:35  Stalker (Chrono Boost)  
  31  2:37  Pylon  
  31  2:43  Pylon  
  31  2:47  Pylon  
  30  3:02  Stalker (Chrono Boost)  
  30  3:05  Oracle (Chrono Boost)  
  33  3:17  Gateway  
  33  3:32  Pylon  
  33  3:34  Gateway  
  33  3:44  Gateway  
Show
View Real Time Build Order
Export as new Build Order

capac Terran 

Build Orders:  

Get SALT Encoding   

  12  0:01  SCV  
  13  0:13  SCV  
  14  0:18  Supply Depot  
  14  0:25  SCV  
  15  0:39  SCV  
  15  0:41  Barracks  
  16  0:47  Refinery  
  16  0:51  SCV  
  17  1:03  SCV  
  18  1:15  SCV  
  19  1:28  SCV  
  19  1:30  Marine  
  21  1:40  Command Center  
  21  1:41  SCV  
  22  1:47  Marine  
  23  1:59  Refinery  
  23  2:05  Supply Depot  
  23  2:24  Bunker  
  23  2:26  SCV  
  23  2:32  Marine  
  17  3:07  Marine  
  12  3:25  Marine  
Tags
 
Add a new tag
Caveats
  • Supply blocks, unpowered buildings, or Contaminate may cause inaccurate times.
  • Supply counts are checked every 10 seconds.